 Dungeon Crawl Stone Soup version 0.30.2 (webtiles) character file.

Game seed: 4968037282199241371

1456 porpoise the Skirmisher (level 9, -4/69 HPs)
             Began as a Formicid Hunter on Feb 14, 2024.
             Was an Initiate of Hepliaklqana.
             Slain by Prince Ribbit (17 damage)
             ... on level 6 of the Dungeon.
             The game lasted 00:13:05 (4941 turns).

porpoise the Skirmisher (Formicid Hunter)           Turns: 4941, Time: 00:13:05

Health: -4/69      AC:  4    Str: 17    XL:     9   Next: 5%
Magic:  9/9        EV: 12    Int:  8    God:    Hepliaklqana [......]
Gold:   215        SH:  0    Dex: 21    Spells: 8/8 levels left

rFire   + + +        a - +0 shortbow
rCold   . . .        (no shield)
rNeg    . . .        p - +2 robe of Piwa {rF++ Will+}
rPois   .            (helmet unavailable)
rElec   .            (no cloak)
rCorr   .            (no gloves)
SInv    +            (no boots)
Will    +....        (no amulet)
Stlth   ++++         z - ring of protection from fire
HPRegen 0.31/turn    (no ring)
MPRegen 0.11/turn

%: no passive effects
@: no status effects
A: permanent stasis, dig shafts and tunnels, antennae 3, four strong arms
a: Dig, Shaft Self, Renounce Religion


You were on level 6 of the Dungeon.
You worshipped Hepliaklqana.
Hepliaklqana was noncommittal.
You visited 2 branches of the dungeon, and saw 7 of its levels.

You collected 215 gold pieces.

Inventory:

Hand Weapons
 a - a +0 shortbow (weapon)
 b - a +2 dagger of venom
Missiles
 y - 4 poisoned darts
 B - 2 silver javelins
Armour
 c - a +0 leather armour
 n - an orb of energy
 p - the +2 robe of Piwa (worn) {rF++ Will+}
   (You found it on level 3 of the Dungeon)

   rF:        It greatly protects you from fire.
   Will:      It increases your willpower.
Magical Staves
 j - a staff of poison
Jewellery
 z - a ring of protection from fire (left hand)
 A - a +6 ring of dexterity
Wands
 v - a wand of charming (3)
 w - a wand of polymorph (9)
Scrolls
 d - a scroll of enchant weapon {unknown}
 e - a scroll of fear
 f - 2 scrolls of immolation
 h - 2 scrolls of identify
 l - a scroll of blinking {unknown}
 m - a scroll of vulnerability {unknown}
 o - 2 scrolls of fog
 x - 2 scrolls of amnesia
Potions
 g - 2 potions of brilliance
 i - 3 potions of curing
 k - 3 potions of lignification
 q - a potion of might
 r - a potion of cancellation
 s - 2 potions of flight
 t - 2 potions of mutation
 u - a potion of magic


   Skills:
 + Level 6.1 Fighting
 * Level 8.5 Ranged Weapons
 - Level 1.7 Dodging
 + Level 6.9 Stealth


You had 8 spell levels left.
You didn't know any spells.
Your spell library contained the following spells:

 Spells                   Type           Power      Damage    Failure   Level
 Inner Flame              Hex/Fire       0%         N/A       78%         3
 Stone Arrow              Conj/Erth      0%         3d7       78%         3
 Animate Armour           Summ/Erth      0%         N/A       99%         4
 Flame Wave               Conj/Fire      0%         2d4       99%         4
 Sticky Flame             Conj/Fire      0%         2d3       99%         4
 Lehudib's Crystal Spear  Conj/Erth      0%         10d2      100%        8


Dungeon Overview and Level Annotations

Branches:
Dungeon (6/15)             Temple (1/1) D:6

Altars:
Cheibriados
Dithmenos
Elyvilon
Hepliaklqana
Kikubaaqudgha
Makhleb
Nemelex Xobeh
Okawaru
Qazlal
Sif Muna
Trog
Uskayaw
Vehumet
Xom
Zin
The Shining One

Shops:
D:1 [   D:2 (

Annotations:
D:3 1 runed translucent door, Crazy Yiuf, Terence
D:6 Prince Ribbit


Innate Abilities, Weirdness & Mutations

You cannot be hasted, slowed, berserked, paralysed or teleported.
You can dig through walls and to a lower floor.
You have a pair of large antennae on your head. (SInv)
Your four strong arms can wield two-handed weapons with a shield.


Message History

You shoot an arrow.
The arrow hits Pikel but does no damage.
Pikel is almost dead.
Prince Ribbit lets out a mournful croak.
Pikel says, "Dispater doesn't talk much, but I know they dig me."
Pikel barely misses you.
You shoot an arrow. The arrow closely misses Pikel.
The arrow hits the lemure but does no damage.
The lemure is moderately wounded.
Pikel drinks a potion.
Pikel is healed!
You shoot an arrow. The arrow hits Pikel!
You kill Pikel!
With Pikel's spell broken, his former minion thanks you for its freedom.
The lemure departs this earthly plane.
Your Fighting skill increases to level 6!
Your Ranged Weapons skill increases to level 8!
You have reached level 9!
Your experience leads to an increase in your attributes!
Increase (S)trength, (I)ntelligence, or (D)exterity?
You feel agile. x2
You shoot an arrow. The arrow misses Prince Ribbit.
Prince Ribbit hits you!
You shoot an arrow. The arrow hits Prince Ribbit.
Prince Ribbit is lightly wounded.
Prince Ribbit hits you! Prince Ribbit barely misses you.
You shoot an arrow. The arrow hits Prince Ribbit.
Prince Ribbit is moderately wounded.
Prince Ribbit hits you.
You shoot an arrow. The arrow misses Prince Ribbit.
Prince Ribbit hits you!
Prince Ribbit hits you but does no damage.
You are too injured to fight recklessly!
You are too injured to fight recklessly!
You shoot an arrow. The arrow barely misses Prince Ribbit.
Prince Ribbit lets out a mournful croak.
Prince Ribbit hits you.
You shoot an arrow. The arrow hits Prince Ribbit.
Prince Ribbit is moderately wounded.
Prince Ribbit hits you!
* * * LOW HITPOINT WARNING * * *
Prince Ribbit hits you!
You die...

#..................
###..................
#....................
#.##..(.....#........
##........#####...# {
#..........# #.#..
#..........# #.##.
#.F........####..#.
##.@..........###..#
###...................
{##...#........######...
####.#####......## #...
#....# ######## #....
###### #..... #.....
#..... #.....


You could see Prince Ribbit.

Vanquished Creatures
  Pikel (D:6)
  Grinder (D:5)
  An ogre (D:5)
  3 lemures (D:6)
  A scorpion (D:5)
  4 howler monkeys
  A jelly (D:5)
  3 hounds
  2 orc priests (D:4)
  Jessica (D:3)
  Ijyb (D:4)
  2 sleepcaps
  2 iguanas
  2 orc wizards (D:5)
  6 adders
  An ufetubus (D:5)
  2 dart slugs
  5 orcs
  7 endoplasms
  5 giant cockroaches
  6 goblins
  8 hobgoblins
  13 jackals
  10 kobolds
  6 quokkas
  9 ball pythons
  11 bats
  2 frilled lizards
  4 rats
120 creatures vanquished.

Notes
Turn   | Place    | Note
-------+----------+-------------------------------------------
     0 | D:1      | porpoise the Formicid Hunter began the quest for the Orb.
     0 | D:1      | Reached XP level 1. HP: 16/16 MP: 1/1
   100 | D:1      | Reached XP level 2. HP: 16/23 MP: 2/2
   138 | D:1      | Found Xonorij's Armour Shop.
   276 | D:1      | Reached XP level 3. HP: 28/28 MP: 3/3
   550 | D:1      | Found a faded altar of an unknown god.
  1018 | D:2      | Found Hofot's Weapon Shop.
  1077 | D:2      | Reached XP level 4. HP: 35/35 MP: 4/4
  1103 | D:2      | Reached skill level 5 in Ranged Weapons
  1370 | D:2      | Reached XP level 5. HP: 41/41 MP: 5/5
  2025 | D:3      | Identified the +2 robe of Piwa {rF++ Will+}
  2082 | D:3      | Noticed Terence
  2352 | D:3      | Noticed Jessica
  2355 | D:3      | Killed Jessica
  2356 | D:3      | Reached XP level 6. HP: 47/47 MP: 6/6
  2479 | D:3      | Found a runed translucent door.
  2480 | D:3      | Noticed Crazy Yiuf
  2657 | D:4      | Found a glowing silver altar of Zin.
  2945 | D:4      | Noticed Ijyb
  2964 | D:4      | Reached skill level 6 in Ranged Weapons
  2980 | D:4      | Killed Ijyb
  3108 | D:4      | Reached XP level 7. HP: 54/54 MP: 7/7
  3261 | D:4      | Found a bloodstained altar of Trog.
  3455 | D:5      | Entered Level 5 of the Dungeon
  3471 | D:5      | Noticed Grinder
  3496 | D:5      | Killed Grinder
  3497 | D:5      | Reached skill level 5 in Stealth
  3499 | D:5      | Reached skill level 7 in Ranged Weapons
  3555 | D:5      | Reached skill level 5 in Fighting
  3555 | D:5      | Reached XP level 8. HP: 28/62 MP: 8/8
  3890 | D:5      | Found a burning altar of Makhleb.
  4277 | D:5      | HP: 1/63 [acid (7)]
  4657 | D:6      | Found a staircase to the Ecumenical Temple.
  4667 | Temple   | Entered the Ecumenical Temple
  4686 | Temple   | Became a worshipper of Hepliaklqana the Forgotten
  4763 | D:6      | Noticed Pikel
  4929 | D:6      | Noticed Prince Ribbit
  4935 | D:6      | Killed Pikel
  4936 | D:6      | Reached skill level 8 in Ranged Weapons
  4936 | D:6      | Reached XP level 9. HP: 62/69 MP: 9/9
  4941 | D:6      | Slain by Prince Ribbit

Illustrated notes

Levels and vault maps discovered:
D:1:      beargit_arrival_greenhouse, layout_basic, serial_shops, shop,
          dreamdust_ecumenical_altar_grove
D:2:      layout_basic, serial_shops, shop, small_statue_intersection
D:3:      layout_basic, uniq_crazy_yiuf_cottage, uniq_jessica, uniq_terence
D:4:      layout_basic, lightli_temple_of_fire, lemuel_tele_altar, uniq_ijyb
D:5:      layout_gridville, lemuel_crystal_altar, minmay_misc_feat_five,
          uniq_grinder
D:6:      old_forge, layout_rooms, marbit_many_paths,
          minmay_temple_entry_mini_moons, uniq_pikel, uniq_prince_ribbit1,
          uniq_blork_the_orc, uniq_sigmund
Temple:   nicolae_temple_ecumenical_triangle

Skill      XL: |  1  2  3  4  5  6  7  8 |
---------------+-------------------------+-----
Stealth        | 2 3 4 5 6 |  6.9
Fighting       | 3 4 5 6 |  6.1
Ranged Weapons | 5 6 7 8 |  8.5
Dodging        | |  1.7

Action                     |  1- 3 |  4- 6 |  7- 9 || total
---------------------------+-------+-------+-------++-------
  Melee: Dagger            |       |       |    59 ||    59
   Fire: Shortbow          |   104 |   149 |    74 ||   327
Ability: Dig               |       |       |     1 ||     1
    Use: Scroll            |       |     6 |     7 ||    13
         Potion            |       |       |     2 ||     2
   Stab: Distracted        |       |       |     1 ||     1
         Sleeping          |       |       |     3 ||     3
 Armour: Leather armour    |    14 |     4 |       ||    18
         Robe              |       |    11 |    12 ||    23
  Dodge: Dodged            |    30 |    49 |    55 ||   134
